Map: Oxide LE

Players

HeroMarine - Winner!

  • Race: Terran Terran

Lilbow

  • Race: Protoss Protoss

Event: DreamHack SC2 Masters 2021 Fall

VOD

Have the link to the VOD?

Description

Time

  • Played on: Aug. 7, 2021, 11:16 a.m.
  • Length: 8:19

All games in this series

Show
View Real Time Build Order
Export as new Build Order

HeroMarine Terran - Winner!

Build Orders: Reaper Expand 

Get SALT Encoding   

  12  0:00  SCV  
  13  0:12  SCV  
  14  0:17  Supply Depot  
  14  0:24  SCV  
  15  0:38  SCV  
  15  0:40  Barracks  
  16  0:43  Refinery  
  16  0:51  SCV  
  17  1:03  SCV  
  18  1:15  SCV  
  19  1:27  Reaper, Orbital Command  
  20  1:46  Command Center  
  20  1:52  Supply Depot  
  20  1:55  SCV  
  20  1:59  Marine  
  22  2:07  SCV  
  23  2:11  Factory  
  23  2:18  Bunker  
  23  2:21  Barracks Reactor  
  23  2:22  SCV  
  24  2:27  Refinery  
  24  2:34  SCV  
  25  2:46  SCV  
  26  2:55  Hellion  
  26  2:56  Starport  
  30  2:58  SCV  
  30  3:03  Orbital Command  
  30  3:05  Marine x2  
  30  3:11  SCV  
  32  3:16  Factory Tech Lab  
  32  3:22  Marine  
  32  3:23  Marine, SCV  
  35  3:30  SCV  
  35  3:31  Supply Depot  
  36  3:35  SCV  
  36  3:37  Siege Tank, Starport Tech Lab  
  36  3:40  Marine  
  41  3:41  Marine  
  41  3:45  Refinery  
  41  3:46  SCV  
  41  3:47  SCV  
  44  3:58  Marine, SCV  
  44  3:59  Marine, SCV  
  48  4:04  Barracks  
  48  4:09  Siege Tank  
  51  4:10  SCV  
  51  4:12  SCV  
  51  4:15  Supply Depot  
  53  4:17  Marine x2  
  53  4:23  Raven  
  57  4:27  Barracks  
  59  4:35  Marine x2  
  59  4:39  Bunker  
  59  4:42  Siege Tank  
  61  4:50  Bunker, SCV  
  61  4:51  SCV  
  61  4:53  Marine  
  61  4:54  Marine  
  63  5:03  SCV x2, Engineering Bay  
  65  5:10  Marine  
  65  5:12  Marine  
  64  5:15  SCV  
  64  5:21  Siege Tank  
  69  5:24  Stimpack  
  69  5:25  Marine, Starport Reactor  
  69  5:26  Marine  
  70  5:29  Terran Infantry Weapons Level 1  
  67  5:37  SCV x2  
  67  5:41  Supply Depot  
  67  5:42  Refinery  
  69  5:44  Marine  
  70  5:58  Marine  
  70  5:59  SCV  
  70  6:00  Marine  
  70  6:02  Marine, SCV, Siege Tank  
  75  6:06  Supply Depot, Barracks Tech Lab  
  75  6:09  Medivac x2  
  75  6:11  SCV  
  80  6:14  SCV  
  80  6:16  Marine  
  80  6:18  Marine  
  83  6:20  Marine  
  83  6:24  Supply Depot  
  83  6:25  Marine, Combat Shield  
  84  6:28  SCV x2  
  87  6:34  Marine  
  87  6:35  Marine  
  87  6:36  Siege Tank  
  87  6:38  Marine  
  93  6:43  Medivac  
  93  6:46  SCV x2  
  96  6:53  Marine  
  99  6:56  Marine  
  99  6:58  Marauder  
  99  6:59  Marauder  
  102  7:01  Supply Depot  
  101  7:12  Concussive Shells  
  104  7:15  Siege Tank  
  104  7:16  Supply Depot  
  104  7:18  Medivac  
  104  7:20  Marauder x2  
  110  7:24  Medivac  
  110  7:25  Marine x2  
  107  7:41  Marauder x2  
  107  7:42  Marine  
  107  7:43  Marine, Command Center  
  110  7:58  SCV  
  110  7:59  SCV  
  110  8:00  Marine x2  
  117  8:06  Factory Reactor  
  117  8:13  Barracks  
  117  8:17  Barracks  
Show
View Real Time Build Order
Export as new Build Order

Lilbow Protoss 

Build Orders: 1 Gate Expand, Blink Stalkers 

Get SALT Encoding   

  12  0:00  Probe  
  13  0:12  Probe  
  14  0:17  Pylon  
  14  0:24  Probe (Chrono Boost)  
  15  0:36  Probe (Chrono Boost)  
  15  0:37  Gateway  
  16  0:44  Probe (Chrono Boost)  
  16  0:46  Assimilator  
  17  0:51  Probe  
  18  1:03  Probe  
  19  1:15  Probe  
  20  1:24  Cybernetics Core  
  20  1:30  Probe  
  21  1:41  Nexus  
  21  1:42  Probe  
  22  1:48  Pylon  
  22  1:54  Probe  
  22  1:56  Assimilator  
  23  2:02  Warp Gate  
  23  2:03  Adept (Chrono Boost)  
  23  2:08  Probe  
  26  2:20  Probe (Chrono Boost)  
  27  2:26  Stalker  
  29  2:32  Probe (Chrono Boost)  
  30  2:40  Probe (Chrono Boost)  
  30  2:42  Twilight Council  
  31  2:53  Probe (Chrono Boost)  
  31  2:57  Robotics Facility, Probe (Chrono Boost)  
  33  3:03  Probe (Chrono Boost)  
  33  3:04  Gateway  
  35  3:06  Probe (Chrono Boost)  
  35  3:08  Probe (Chrono Boost)  
  36  3:15  Gateway  
  36  3:17  Probe  
  36  3:19  Probe  
  38  3:20  Blink (Chrono Boost)  
  38  3:29  Probe  
  38  3:31  Probe  
  40  3:35  Gateway  
  40  3:41  Probe  
  40  3:43  Probe  
  40  3:45  Observer  
  40  3:46  Pylon  
  44  3:56  Pylon  
  44  3:57  Assimilator  
  44  3:58  Stalker  
  45  4:05  Stalker  
  45  4:09  Pylon, Warp Prism (Chrono Boost)  
  49  4:20  Probe x2  
  51  4:34  Stalker x4  
  59  4:40  Probe x2  
  61  4:54  Probe  
  61  4:56  Pylon  
  61  4:58  Stalker x3  
  68  5:01  Stalker  
  68  5:04  Observer  
  70  5:13  Probe  
  69  5:19  Pylon  
  69  5:21  Stalker x2  
  69  5:22  Stalker  
  69  5:24  Stalker  
  77  5:33  Probe  
  65  5:47  Stalker x4  
  73  5:51  Assimilator  
  73  5:53  Observer  
  70  6:02  Charge (Chrono Boost)  
  68  6:04  Probe  
  68  6:11  Nexus, Gateway  
  69  6:25  Templar Archives, Gateway  
  69  6:28  Gateway, Zealot x2  
  69  6:31  Sentry  
  75  6:34  Zealot  
  77  6:41  Pylon  
  77  6:42  Pylon  
  77  6:52  Sentry, Zealot  
  81  6:55  Pylon x2  
  81  7:00  Zealot  
  81  7:01  Zealot  
  85  7:09  High Templar  
  87  7:18  Zealot x2  
  91  7:23  Stalker  
  91  7:24  Stalker x2  
  96  7:37  Zealot  
  96  7:42  Zealot x3  
  101  7:47  Probe  
  99  7:55  Zealot x2  
  87  7:59  High Templar  
  87  8:00  High Templar  
  87  8:05  Archon, Zealot x2  
  90  8:07  Probe  

Tags
 
Add a new tag
Caveats
  • Supply blocks, unpowered buildings, or Contaminate may cause inaccurate times.
  • Supply counts are checked every 10 seconds.